 Dungeon Crawl Stone Soup version 0.31-a0-1074-g0b22e4e0f1 (webtiles) character file.

Game seed: 14032133870875917096

77 LeprechaunX the Changeling (level 4, 0/29 HPs)
             Began as an Octopode Shapeshifter on Nov 29, 2023.
             Slain by a scorpion (4 damage)
             ... on level 3 of the Dungeon.
             The game lasted 00:02:01 (1597 turns).

LeprechaunX the Changeling (Octopode Shapeshifter)  Turns: 1597, Time: 00:02:01

Health: 0/29       AC:  1    Str: 13    XL:     4   Next: 34%
Magic:  13/13      EV: 13    Int: 12    God:
Gold:   102        SH:  0    Dex: 13    Spells: 3/3 levels left

rFire   . . .        b - +3 dagger (vamp)
rCold   + . .        (no shield)
rNeg    . . .        (helmet currently unavailable)
rPois   .            (no amulet)
rElec   .            j - ring of protection from cold
rCorr   .            o - ring of magical power
SInv    .            (no ring)
Will    .....        (no ring)
Stlth   ++           (no ring)
HPRegen 0.24/turn    (no ring)
MPRegen 0.13/turn    (no ring)
                     (no ring)

%: no passive effects
@: beast-form
A: beast (slay +2), almost no armour, amphibious, 8 rings, camouflage 1,
gelatinous body 1, (nimble swimmer 1), tentacles
a: Begin Untransformation


You were on level 3 of the Dungeon.
You were a hulking beast.
You visited 1 branch of the dungeon, and saw 3 of its levels.

You collected 102 gold pieces.

Inventory:

Hand Weapons
 a - a +0 sling
 b - a +3 vampiric dagger (weapon)
Armour
 h - a +1 hat
Jewellery
 j - a ring of protection from cold (left tentacle)
 o - a ring of magical power (right tentacle)
Talismans
 c - a flux talisman
 f - a beast talisman
Wands
 n - a wand of mindburst (23)
Scrolls
 e - 7 scrolls of identify {unknown}
 g - 3 scrolls of teleportation {unknown}
 k - 2 scrolls of enchant weapon {unknown}
 l - a scroll of amnesia {unknown}
 m - a scroll of fear {unknown}
 q - a scroll of enchant armour {unknown}
Potions
 d - 2 potions of heal wounds {unknown}
 i - a potion of lignification
 p - a potion of mutation {unknown}


   Skills:
 + Level 2.0 Fighting
 - Level 2.0 Dodging
 + Level 3.5 Unarmed Combat
 + Level 0.3 Evocations
 * Level 4.0 Shapeshifting


You had 3 spell levels left.
You didn't know any spells.
Your spell library contained the following spells:

 Spells                   Type           Power      Damage    Failure   Level
 Apportation              Tloc           0%         N/A       32%         1
 Necrotise                Necr           0%         1d4       32%         1
 Summon Small Mammal      Summ           0%         N/A       32%         1


Dungeon Overview and Level Annotations

Branches:
Dungeon (3/15)

Altars:
Qazlal


Innate Abilities, Weirdness & Mutations

You are a hulking beast.
Your limbs bulge with bestial killing power. (Slay +2)
You cannot wear most types of armour.
You are amphibious.
You can wear up to eight rings at the same time.
Your skin changes colour to match your surroundings (Stealth+).
Your rubbery body absorbs attacks. (AC +1, EV +1)
((You are camouflaged when in or above water. (Stealth+)))
You have tentacles for arms and can constrict up to eight enemies at once.


Message History

The gnoll hits you from afar with a +0 spear.
The gnoll misses you.
You hit the gnoll.
You feel better.
The gnoll is severely wounded.
You constrict the gnoll, but do no damage.
The gnoll hits you from afar with a +0 spear.
The gnoll misses you. The gnoll hits you with a +0 club.
You puncture the gnoll!
You feel better.
You kill the gnoll!
The gnoll barely misses you.
The gnoll hits you from afar with a +0 spear!
Your Shapeshifting skill increases to level 4!
You hit the scorpion but do no damage. Your grab misses the scorpion.
Your squeeze misses the scorpion. The scorpion closely misses you.
The gnoll barely misses you. The gnoll closely misses you.
The scorpion stings you!
You are too injured to fight recklessly!
You are too injured to fight recklessly!
You are too injured to fight recklessly!
You are too injured to fight recklessly!
You are too injured to fight recklessly!
You are too injured to fight recklessly!
You are too injured to fight recklessly!
You are too injured to fight recklessly!
You are too injured to fight recklessly!
Unknown command.
The gnoll attacks as it pursues you!
The gnoll hits you from afar with a +0 spear!
* * * LOW HITPOINT WARNING * * *
The scorpion attacks as it pursues you!
The scorpion stings you but does no damage.
The scorpion attacks as it pursues you! The scorpion closely misses you.
Aiming: Mindburst
Press: ? - help, Shift-Dir - straight line, f - scorpion
Aim: a scorpion (chance to affect: 66%)
The scorpion struggles to resist.
The scorpion barely misses you.
You hit the scorpion.
You feel better.
You grab the scorpion.
The scorpion is lightly wounded.
You constrict the scorpion. The scorpion stings you.
You die...

.. .#<#. #...# #.. .)..
#...# ########.. ... #...#
.........# #.# #####...#
.......#.# #.###.......#
.......#.# #...........#
.......#.# #...#.......#
......ggg#####...#####...###
########..sh...### #......
#####...# #...### ##.##
#...# #.# ##.##
..#########.# ####.........#
#..##..##### #.##..# ####
###....## #...


You could see a scorpion and 3 gnolls.

Vanquished Creatures
  A gnoll (D:3)
  2 adders (D:2)
  A worm (D:2)
  2 dart slugs (D:2)
  3 endoplasms
  2 giant cockroaches
  7 goblins
  2 hobgoblins
  2 quokkas
  7 ball pythons
  4 bats
  4 frilled lizards
  4 kobolds
  4 rats
45 creatures vanquished.

Notes
Turn   | Place    | Note
-------+----------+-------------------------------------------
     0 | D:1      | LeprechaunX the Octopode Shapeshifter began the quest for
                  | the Orb.
     0 | D:1      | Reached XP level 1. HP: 13/13 MP: 1/1
    96 | D:1      | Reached XP level 2. HP: 13/18 MP: 2/2
   230 | D:1      | Found a faded altar of an unknown god.
   630 | D:2      | Reached XP level 3. HP: 23/23 MP: 3/3
   732 | D:2      | Found a stormy altar of Qazlal.
  1202 | D:2      | Reached XP level 4. HP: 29/29 MP: 4/4
  1583 | D:3      | Noticed a scorpion
  1591 | D:3      | Reached skill level 4 in Shapeshifting
  1592 | D:3      | HP: 1/29 [gnoll/+0 spear (9)]
  1597 | D:3      | Slain by a scorpion

Illustrated notes

Levels and vault maps discovered:
D:1:      nicolae_arrival_memento_mori, layout_basic,
          ebering_ecumenical_altar_abandoned, eino_curves_03
D:2:      layout_loops_ring, basic_altar
D:3:      layout_loops_cross, uniq_crazy_yiuf_cottage

Skill      XL: |  1  2  3  4 |
---------------+-------------+-----
Fighting       | 2 |  2.0
Shapeshifting  | 4 |  4.0
Dodging        | |  2.0
Unarmed Combat | |  3.5
Evocations     | |  0.3

Action                     |  1- 3 |  4- 6 || total
---------------------------+-------+-------++-------
  Melee: Unarmed           |    16 |       ||    16
         Constrict         |     9 |     6 ||    15
         Tentacles         |     8 |     2 ||    10
         Punch             |     4 |       ||     4
         Dagger            |    36 |    16 ||    52
  Evoke: Wand              |       |     1 ||     1
   Stab: Sleeping          |     8 |     2 ||    10
 Armour: Skin              |    19 |    11 ||    30
  Dodge: Dodged            |    28 |     9 ||    37

Table legend: (Time is in decaauts)
 A = Elapsed time spent in this place.
 B = Non-inter-level travel time spent in this place.
 C = Inter-level travel time spent in this place.
 D = Time resting spent in this place.
 E = Time spent auto-exploring this place.
 F = Levels seen in this place.
 G = Mean time per level.
                   A        B        C        D        E       F      G
               +--------+--------+--------+--------+--------+-----+--------+
         Total |   1594 |   1527 |     67 |      0 |   1269 |   3 |  531.3 |
       Dungeon |   1594 |   1527 |     67 |      0 |   1269 |   3 |  531.3 |
               +--------+--------+--------+--------+--------+-----+--------+

Top non-repeatable levels by time:
     D:2: 670 daAuts
     D:1: 575 daAuts
     D:3: 348 daAuts
